 Dungeon Crawl Stone Soup version 0.21.1-1-g345015fe64 (webtiles) character file.

133 ToxicDK the Charlatan (level 5, -1/38 HPs)
             Began as a Merfolk Artificer on June 3, 2018.
             Slain by Crazy Yiuf
             ... wielding a +3 quarterstaff of chaos
              (3 damage)
             ... on level 3 of the Dungeon on June 30, 2018.
             The game lasted 00:20:10 (4365 turns).

ToxicDK the Charlatan (Merfolk Artificer)           Turns: 4365, Time: 00:20:10

Health: -1/38      AC: 12    Str: 13    XL:     5   Next: 16%
Magic:  7/7        EV:  7    Int: 11    God:
Gold:   110        SH:  0    Dex: 14    Spells: 4/4 levels left

rFire    . . .     SeeInvis .   t - -1 flail (curse)
rCold    . . .     Gourm    .   (no shield)
rNeg     . . .     Faith    .   s - +2 chain mail
rPois    .         Spirit   .   (no helmet)
rElec    .         Reflect  .   o - +0 cloak
rCorr    .         Harm     .   (no gloves)
MR       .....                  b - +0 pair of boots
Stlth    ..........             (no amulet)
HPRegen  0.12/turn              (no ring)
MPRegen  0.10/turn              (no ring)

@: lethally poisoned (-1 -> -3)
A: change form in water, swift swim, stealthy swim
a: no special abilities


You were on level 3 of the Dungeon.
You were hungry.

You visited 1 branch of the dungeon, and saw 3 of its levels.

You collected 110 gold pieces.

Inventory:

Hand Weapons
 i - a +1 spear
 k - a +0 falchion
 t - a cursed -1 flail (weapon)
Armour
 b - a +0 pair of boots (worn)
 o - a +0 cloak (worn)
 s - a +2 chain mail (worn)
Wands
 c - a wand of flame (15)
 d - a wand of enslavement (15)
 e - a wand of random effects (15)
Scrolls
 n - 2 scrolls of amnesia
 q - a scroll of noise
Potions
 g - a potion of brilliance {unknown}
 j - 3 potions of heal wounds
 l - a potion of berserk rage {unknown}
 p - a potion of mutation {unknown}
Comestibles
 f - 4 rations


   Skills:
 + Level 1.8 Fighting
   Level 1.2 Short Blades
 + Level 1.0 Maces & Flails
 * Level 2.2 Polearms
 + Level 1.1 Armour
 + Level 3.7 Dodging
 + Level 1.4 Stealth
 + Level 3.8 Evocations


You had 4 spell levels left.
You didn't know any spells.

Dungeon Overview and Level Annotations

Branches:
Dungeon (3/15)

Altars:
Nemelex Xobeh

Annotations:
D:3 Crazy Yiuf


Message History

Crazy Yiuf burns you.
* * * LOW HITPOINT WARNING * * *
* * * LOW HITPOINT WARNING * * *
You feel sick.
Crazy Yiuf says, "Action ladder senile!"
* * * LOW HITPOINT WARNING * * *
You feel sick.
* * * LOW HITPOINT WARNING * * *
You feel sick.
* * * LOW HITPOINT WARNING * * *
You feel sick.
Crazy Yiuf grits, "Prologue blue seventy!"
As you read the scroll of enchant weapon, it crumbles to dust.
Your cursed -2 flail glows red for a moment.
Your chain mail prevents you from hitting Crazy Yiuf.
Crazy Yiuf is heavily wounded.
* * * LOW HITPOINT WARNING * * *
You feel sick.
Crazy Yiuf hits you with a quarterstaff of chaos.
You die...

##....♣.♣♣♣ ####
##.)....♣..♣#...#
#......♣♣♣♣.'...#
#....♣♣♣ ♣♣#..)#
#.###♣ #### #.#
#.# #g#
#############
#@####.......#....
#............#.###
######.......#.##
#######....#
#.##### #.####.
#>...'. ######. #.


You could see Crazy Yiuf.

Vanquished Creatures
  5 adders
  2 worms
  2 dart slugs
  2 leopard geckos
  7 orcs (D:3)
  13 bats
  6 goblins
  7 hobgoblins
  4 jackals (D:3)
  2 quokkas (D:3)
  A ball python (D:3)
  4 frilled lizards (D:1)
  7 kobolds
  6 rats
68 creatures vanquished.

Notes
Turn   | Place    | Note
-------+----------+-------------------------------------------
     0 | D:1      | ToxicDK the Merfolk Artificer began the quest for the Orb.
     0 | D:1      | Reached XP level 1. HP: 15/15 MP: 3/3
   532 | D:1      | Reached XP level 2. HP: 21/21 MP: 4/4
  1526 | D:1      | Reached XP level 3. HP: 17/26 MP: 5/5
  2467 | D:2      | Reached XP level 4. HP: 24/32 MP: 6/6
  3197 | D:3      | Found a sparkling altar of Nemelex Xobeh.
  3218 | D:3      | Reached skill level 1 in Polearms
  3232 | D:3      | Reached skill level 1 in Armour
  3637 | D:3      | Reached XP level 5. HP: 29/38 MP: 7/7
  3860 | D:3      | Reached skill level 1 in Maces & Flails
  4153 | D:3      | Found a runed door.
  4343 | D:3      | Noticed Crazy Yiuf
  4365 | D:3      | Slain by Crazy Yiuf

Skill      XL: |  1  2  3  4  5 |
---------------+----------------+-----
Dodging        | 3 |  3.7
Polearms       | 2 |  2.2
Armour         | 1 |  1.1
Maces & Flails | 1 |  1.0
Fighting       | |  1.8
Short Blades   | |  1.2
Stealth        | |  1.4
Evocations     | |  3.8

Action                   |  1- 3 |  4- 6 || total
-------------------------+-------+-------++-------
Melee: Short sword       |    57 |       ||    57
       Mace              |    50 |     2 ||    52
       Spear             |       |   137 ||   137
       Flail             |       |   140 ||   140
  Use: Scroll            |       |     8 ||     8
 Stab: Sleeping          |     2 |       ||     2
  Eat: Chunk             |     4 |     7 ||    11
Armor: Leather armour    |    36 |       ||    36
       Chain mail        |    12 |   299 ||   311
Dodge: Dodged            |    75 |   156 ||   231
